 Dungeon Crawl Stone Soup version 0.16-a0-148-g3b84123 (webtiles) character file.

71 Ratboiler the Chopper (level 4, 0/28 HPs)
             Began as a Gargoyle Berserker on Aug 15, 2014.
             Was a Believer of Trog.
             Slain by Natasha (6 damage)
             ... while paralysed
             ... on Level 3 of the Dungeon.
             The game lasted 00:03:27 (2083 turns).

Ratboiler the Chopper (Gargoyle Berserker)          Turns: 2083, Time: 00:03:27

HP   0/28        AC  5     Str 20      XL: 4   Next: 24%
MP   4/4         EV  2     Int  8      God: Trog [**....]
Gold 104         SH  0     Dex 10      Spells:  0 memorised,  3 levels left

rFire  . . .     SeeInvis .     a - +0 hand axe
rCold  . . .     Clarity  .     b - +0 animal skin
rNeg   + . .     rCorr    .     (no shield)
rPois  +         rRot     +     (no helmet)
rElec  +         Spirit   .     (no cloak)
SustAb .         Warding  .     (no gloves)
rMut   .         Stasis   .     (no boots)
Gourm  .                        (no amulet)
MR     .....                    (no ring)
                                s - ring of stealth

@: paralysed, exhausted, slowed, not resistant to hostile enchantments,
unstealthy
A: negative energy resistance 1, electricity resistance, unbreathing,
petrification resistance, rot immunity, AC +3
a: Burn Spellbooks, Berserk, Trog's Hand, Renounce Religion


You were on level 3 of the Dungeon.
You worshipped Trog.
Trog was pleased with you.
You were near starving.

You visited 1 branch of the dungeon, and saw 3 of its levels.

You collected 104 gold pieces.

Inventory:

Hand weapons
 a - a +0 hand axe (weapon)
Missiles
 d - 9 poisoned needles
Armour
 b - a +0 animal skin (worn)
Comestibles
 c - a bread ration
 h - 3 royal jellies
 n - a beef jerky
 q - 3 fruits
 t - 3 meat rations
 v - a rotting chunk of rat flesh
Scrolls
 f - 2 scrolls of teleportation {unknown}
 g - 2 scrolls of enchant weapon {unknown}
 i - a scroll of amnesia {unknown}
 o - a scroll of remove curse {unknown}
 p - 2 scrolls of identify {unknown}
 r - 2 scrolls of immolation {unknown}
 w - a scroll of noise {unknown}
Jewellery
 s - a ring of stealth (left hand)
Potions
 e - a potion of degeneration {unknown}
 j - a potion of cure mutation {unknown}
 k - a potion of cancellation {unknown}
 l - 3 potions of might {unknown}
 m - a potion of agility {unknown}


   Skills:
 + Level 3.5 Fighting
 * Level 3.7 Axes
 + Level 2.8 Armour
 + Level 2.1 Dodging


You had 3 spell levels left.
You didn't know any spells.

Dungeon Overview and Level Annotations

Branches:
Dungeon (3/15)

Altars:
Makhleb
Okawaru
Zin

Annotations:
D:3 Natasha


Innate Abilities, Weirdness & Mutations

You are resistant to torment.
You are immune to poison.
Your stone body is very resilient (AC +3).
You resist negative energy.
You are resistant to electric shocks.
You can survive without breathing.
You are immune to petrification.
You are immune to rotting.


Message History

The iron imp closely misses you.
You completely miss the iron imp.
The iron imp is moderately wounded.
You slash the iron imp!
The iron imp is severely wounded.
The iron imp hits you!
* * * LOW HITPOINT WARNING * * *
You slash the iron imp!
You kill the iron imp!
You barely miss Natasha. Natasha claws you.
* * * LOW HITPOINT WARNING * * *
You closely miss Natasha. Natasha claws you.
* * * LOW HITPOINT WARNING * * *
You barely miss Natasha. You closely miss Natasha.
You are no longer berserk.
You pass out from exhaustion.
You feel yourself slow down.
You are near starving!
Natasha claws you.
You die...

#...# ..# +...+ ... ##...##
... ...... ... . #...# #.# #..
###..# #.# #.# #....## #.# #.#
#.#...###.###########.# #
#.#....5h@.).....##.#
...#..##.########.##.#
..gh.##.##.# #.##.##
..%....##..#.# #.....# #
............###########.>#.#
........................#.#
......###...############.#.###
.........# ...# #........
.........# #..# #.......#


You could see Natasha and a white imp.

Vanquished Creatures
  An iron imp (D:3)
  2 adders (D:3)
  2 worms (D:3)
  2 giant geckos
  3 orcs (D:3)
  9 bats
  A giant cockroach (D:1)
  A goblin (D:2)
  7 hobgoblins
  3 jackals (D:1)
  A kobold (D:1)
  A ball python (D:2)
  A quokka (D:2)
  5 rats
39 creatures vanquished.

Notes
Turn   | Place    | Note
--------------------------------------------------------------
     0 | D:1      | Ratboiler, the Gargoyle Berserker, began the quest for the Orb.
     0 | D:1      | Reached XP level 1. HP: 14/14 MP: 1/1
     3 | D:1      | Noticed an electric eel
     3 | D:1      | Noticed an electric eel
    55 | D:1      | Reached XP level 2. HP: 17/19 MP: 2/2
   837 | D:2      | Found an iron altar of Okawaru.
   855 | D:2      | Reached XP level 3. HP: 15/23 MP: 3/3
   947 | D:2      | Acquired Trog's second power
   980 | D:2      | Found a burning altar of Makhleb.
   982 | D:2      | Found a glowing silver altar of Zin.
   982 | D:2      | Noticed an angel
   983 | D:2      | Noticed a blizzard demon
  1600 | D:3      | Reached XP level 4. HP: 18/28 MP: 4/4
  2047 | D:3      | Noticed Natasha
  2083 | D:3      | Slain by Natasha

Action                   |  1- 3 |  4- 6 || total
-------------------------+-------+-------++-------
Melee: Hand axe          |   135 |    30 ||   165
Invok: Berserk           |       |     1 ||     1
 Stab: Sleeping          |     1 |       ||     1
  Eat: Chunk             |     2 |     1 ||     3
